 Dungeon Crawl Stone Soup version 0.26-a0-800-g517d6fe721 (console) character file.

Game seed: 2290010050771596896

219 Ignak the Ogre Mage (level 5, -5/53 HPs)
             Began as an Ogre Hedge Wizard on Nov 11, 2020.
             Slain by an orc
             ... wielding a +0 morningstar
              (8 damage)
             ... on level 3 of the Dungeon.
             The game lasted 00:10:37 (3556 turns).

Ignak the Ogre Mage (Ogre Hedge Wizard)             Turns: 3556, Time: 00:10:37

Health: -5/53      AC:  7    Str: 10 (11) XL:     5   Next: 96%
Magic:  1/11       EV: 10    Int: 14 (15) God:
Gold:   127        SH:  0    Dex:  6 (8)  Spells: 4/12 levels left

rFire    . . .     SeeInvis .   n - +2 quarterstaff (chaos)
rCold    . . .     Faith    +   (shield currently unavailable)
rNeg     . . .     Spirit   .   p - +1 robe
rPois    .         Reflect  .   h - +2 hat
rElec    .         Harm     .   o - +0 cloak
rCorr    .         Rampage  .   (gloves unavailable)
MR       .....                  (boots unavailable)
Stlth    +.........             a - amulet of faith
HPRegen  0.17/turn              l - -4 ring of strength (curse)
MPRegen  0.12/turn              (no ring)

@: attractive
A: large, unfitting armour, tough skin 1
a: no special abilities


You were on level 3 of the Dungeon.
You visited 1 branch of the dungeon, and saw 4 of its levels.

You collected 127 gold pieces.

Inventory:

Hand Weapons
 d - a +0 mace
 n - a +2 quarterstaff of chaos (weapon)
Missiles
 c - a curare-tipped dart (quivered)
Armour
 h - a +2 hat (worn)
 o - a +0 cloak (worn)
 p - a +1 robe (worn)
Jewellery
 a - an amulet of faith (around neck)
 j - an uncursed ring of protection from magic
 l - a cursed -4 ring of strength (left hand)
Scrolls
 b - a scroll of magic mapping {unknown}
 e - a scroll of identify
 i - a scroll of fear
Potions
 f - a potion of degeneration
 g - a potion of resistance


   Skills:
 * Level 3.5 Fighting
 * Level 1.5 Maces & Flails
 * Level 3.1 Dodging
 - Level 1.4 Stealth
 - Level 1.0 Unarmed Combat
 + Level 4.2 Spellcasting
 + Level 1.8 Conjurations
 - Level 0.8 Summonings
 - Level 0.8 Translocations


You had 4 spell levels left.
You knew the following spells:

 Your Spells              Type           Power        Failure   Level
a - Magic Dart            Conj           #...         9%          1
b - Blink                 Tloc           N/A          21%         2
d - Mephitic Cloud        Conj/Pois/Air  #.......     41%         3
e - Call Imp              Summ           #.......     21%         2

Your spell library contained the following spells:

 Spells                   Type           Power        Failure   Level
 Slow                     Hex            #.......     28%         2
 Conjure Flame            Conj/Fire      #.......     36%         3


Dungeon Overview and Level Annotations

Branches:
Dungeon (4/15)
 Temple: D:4-7

Altars:
Ashenzari
Makhleb
Qazlal
Ru
Yredelemnul


Innate Abilities, Weirdness & Mutations

You are too large for most types of armour.
You have tough skin. (AC +1)


Message History

The adder completely misses you. The adder is pulled toward you!
The orc is pulled toward you! The adder bites you but does no damage.
Casting: Blink (safe; 21% risk of failure)
Confirm with . or Enter, or press ? or * to list all spells.
A beastly little devil appears in a puff of flame.
The adder bites you but does no damage. The adder is pulled toward you!
The orc is pulled toward you! The adder bites you but does no damage.
The adder barely misses you.
Your crimson imp barely misses the adder.
Throwing (i - inventory)
c - 2 curare-tipped darts (quivered)
Press: ? - help, Shift-Dir - straight line, f - adder
Aim: an adder (severely wounded)
You throw a curare-tipped dart. The curare-tipped dart hits the adder.
The adder is poisoned.
The adder convulses.
You kill the adder!
The orc is pulled toward you! x2; The orc barely misses you.
Your crimson imp blinks!
The orc hits you with a +0 morningstar!
You die...

...oo ... #.#
#.## #..#
########
####.####
#......#
#.o....§#
#......#
#.##.#oo#
#......#
#.##.#.@#
#......# ..#
#o#..#..#
#..)...# ..#
#o#)##..#
#......# ...
#5#)##..#
#..§...# #.#
#......>#
###.#### #.#
###.#########.##
#.#
#.####.....#.##
#.#
#......##.###.##
#<# #.####...##
##.#####.#


You could see 2 orcs.

Vanquished Creatures
  A hound (D:4)
  Jessica (D:2)
  3 adders (D:3)
  An ooze (D:1)
  A worm (D:3)
  A dart slug (D:3)
  A leopard gecko (D:2)
  3 orcs
  A ball python (D:2)
  3 giant cockroaches (D:2)
  6 goblins
  8 hobgoblins
  A jackal (D:4)
  A kobold (D:1)
  3 quokkas
  3 bats
  2 frilled lizards
  7 rats
47 creatures vanquished.

Vanquished Creatures (collateral kills)
  Crazy Yiuf (D:2)
  A worker ant (D:2)
  3 adders
  An ooze (D:3)
  A dart slug (D:1)
  A leopard gecko (D:1)
  3 orcs (D:2)
  3 bats (D:1)
  3 giant cockroaches (D:1)
  4 hobgoblins
  4 jackals
  A kobold (D:1)
  2 ball pythons (D:1)
  2 frilled lizards
  2 gnoll zombies (D:3)
  8 goblins
  2 rats (D:2)
42 creatures vanquished.

Grand Total: 89 creatures vanquished

Notes
Turn   | Place    | Note
-------+----------+-------------------------------------------
     0 | D:1      | Ignak the Ogre Hedge Wizard began the quest for the Orb.
     0 | D:1      | Reached XP level 1. HP: 16/16 MP: 5/5
    49 | D:1      | Reached skill level 1 in Conjurations
    99 | D:1      | Reached skill level 1 in Fighting
    99 | D:1      | Reached XP level 2. HP: 21/27 MP: 0/6
   103 | D:1      | Learned a level 2 spell: Blink
   106 | D:1      | Learned a level 2 spell: Call Imp
   855 | D:1      | Reached XP level 3. HP: 29/33 MP: 4/8
   860 | D:1      | Learned a level 3 spell: Mephitic Cloud
  1600 | D:2      | You fall into a shaft and drop 2 floors!
  1616 | D:4      | Reached XP level 4. HP: 28/42 MP: 4/9
  1835 | D:3      | Found a burning altar of Makhleb.
  1904 | D:2      | Reached skill level 4 in Spellcasting
  2039 | D:2      | Reached skill level 1 in Maces & Flails
  2379 | D:2      | Reached skill level 1 in Unarmed Combat
  2423 | D:2      | Found a runed translucent door.
  2424 | D:2      | Noticed Crazy Yiuf
  2474 | D:2      | Killed Crazy Yiuf
  2474 | D:2      | Reached XP level 5. HP: 52/52 MP: 5/11
  2535 | D:2      | Noticed Jessica
  2575 | D:2      | Killed Jessica
  3280 | D:3      | Found a basalt altar of Yredelemnul.
  3424 | D:3      | Found a sacrificial altar of Ru.
  3424 | D:3      | Found a stormy altar of Qazlal.
  3426 | D:3      | Found a broken altar of Ashenzari.
  3551 | D:3      | HP: 2/53 [adder (4)]
  3556 | D:3      | Slain by an orc

Illustrated notes

Levels and vault maps discovered:
D:1:      mrwooster_arrival_statue_3, layout_basic,
          chequers_serial_rivers_micro_d
D:2:      layout_basic, serial_rivers, chequers_serial_rivers_room_a,
          chequers_serial_rivers_small_3, chequers_serial_rivers_small_b,
          chequers_serial_rivers_micro_d, chequers_serial_rivers_marsh,
          guppyfry_early_orc_mine, uniq_crazy_yiuf_cottage, uniq_jessica
D:3:      minmay_roachtagon, layout_loops_cross, nicolae_overflow_hidden_temple,
          lemuel_zombie_altar_yredelemnul, bloody_makhleb
D:4:      minmay_inner_zag, layout_rooms, uniq_menkaure

Skill      XL: |  1  2  3  4  5 |
---------------+----------------+-----
Conjurations   | 1 |  1.8
Fighting       | 1 2 3 |  3.5
Dodging        | 2 3 |  3.1
Spellcasting   | 4 |  4.2
Maces & Flails | 1 |  1.5
Unarmed Combat | 1 |  1.0
Stealth        | |  1.4
Summonings     | |  0.8
Translocations | |  0.8

Action                   |  1- 3 |  4- 6 || total
-------------------------+-------+-------++-------
Melee: Dagger            |     6 |       ||     6
       Club              |    70 |     5 ||    75
       Mace              |       |    53 ||    53
       Quarterstaff      |       |    56 ||    56
Throw: Dart              |     1 |     2 ||     3
 Cast: Magic Dart        |     8 |     2 ||    10
       Call Imp          |    21 |    32 ||    53
       Blink             |       |     2 ||     2
       Mephitic Cloud    |       |     1 ||     1
  Use: Scroll            |       |     4 ||     4
       Potion            |       |     2 ||     2
 Stab: Confused          |       |     1 ||     1
       Sleeping          |       |     1 ||     1
Armor: Robe              |    49 |    78 ||   127
Dodge: Dodged            |    83 |    81 ||   164

Table legend: (Time is in decaauts)
 A = Elapsed time spent in this place.
 B = Non-inter-level travel time spent in this place.
 C = Inter-level travel time spent in this place.
 D = Time resting spent in this place.
 E = Time spent auto-exploring this place.
 F = Levels seen in this place.
 G = Mean time per level.
                   A        B        C        D        E       F      G
               +--------+--------+--------+--------+--------+-----+--------+
         Total |   3625 |   3547 |     78 |    263 |   2188 |   4 |  906.2 |
       Dungeon |   3625 |   3547 |     78 |    263 |   2188 |   4 |  906.2 |
               +--------+--------+--------+--------+--------+-----+--------+

Top non-repeatable levels by time:
     D:1: 1557 daAuts
     D:2: 1313 daAuts
     D:3: 518 daAuts
     D:4: 235 daAuts
